 Dungeon Crawl Stone Soup version 0.28.0 (webtiles) character file.

Game seed: 6965213454219367092

132 SnakkuSnakku7 the Firebug (level 4, -6/35 HPs)
             Began as a Mummy Cinder Acolyte on Feb 11, 2022.
             Was a High Priest of Ignis.
             Killed by divine providence
             ... invoked by an orc priest
              (11 damage)
             ... on level 4 of the Dungeon.
             The game lasted 00:02:19 (2624 turns).

SnakkuSnakku7 the Firebug (Mummy Cinder Acolyte)    Turns: 2624, Time: 00:02:20

Health: -6/35      AC:  3    Str: 17    XL:     4   Next: 92%
Magic:  5/6        EV: 11    Int: 15    God:    Ignis [*****.]
Gold:   85         SH:  0    Dex:  7    Spells: 3/5 levels left

rFire   . . .      SeeInvis .   a - -1 mace (flame)
rCold   + . .      Faith    .   (no shield)
rNeg    + + +      Spirit   .   b - +0 robe
rPois   ∞          Reflect  .   i - +0 helmet
rElec   .          Harm     .   (no cloak)
rCorr   .          Rampage  .   (no gloves)
Will    .....                   (no boots)
Stlth   +.........              (no amulet)
HPRegen 0.11/turn               (no ring)
MPRegen 0.10/turn               (no ring)

@: no status effects
A: cold resistance 1, negative energy resistance 3, torment resistance 2, heat
vulnerability 1, no potions
a: Renounce Religion, Fiery Armour, Foxfire Swarm, Rising Flame


You were on level 4 of the Dungeon.
You worshipped Ignis.
Ignis was extremely pleased with you.
You visited 1 branch of the dungeon, and saw 3 of its levels.

You collected 85 gold pieces.

Inventory:

Hand Weapons
 a - a -1 mace of flaming (weapon)
Armour
 b - a +0 robe (worn)
 i - a +0 helmet (worn)
Wands
 h - a wand of flame (27)
Scrolls
 c - 4 scrolls of teleportation {unknown}
 d - 2 scrolls of fear {unknown}
 e - a scroll of identify {unknown}
 f - a scroll of enchant weapon {unknown}
 g - a scroll of amnesia {unknown}
 j - a scroll of vulnerability {unknown}
 k - a scroll of immolation {unknown}


   Skills:
 - Level 3.0 Fighting
 - Level 2.4 Maces & Flails
 - Level 1.3 Spellcasting
 + Level 4.7 Fire Magic


You had 3 spell levels left.
You knew the following spells:

 Your Spells              Type           Power      Damage    Failure   Level
a - Scorch                Fire           30%        2d6       5%          2

Your spell library contained the following spells:

 Spells                   Type           Power      Damage    Failure   Level
 Freeze                   Ice            4%         1d3       24%         1
 Frozen Ramparts          Ice            2%         1d2       56%         3
 Portal Projectile        Hex/Tloc       2%         N/A       56%         3
 Hailstorm                Conj/Ice       1%         3d3       93%         4
 Excruciating Wounds      Necr           0%         N/A       100%        5
 Blade Hands              Tmut           Unusable   N/A       N/A         5

Dungeon Overview and Level Annotations

Branches:
Dungeon (2/15)

Altars:


Innate Abilities, Weirdness & Mutations

You are immune to poison.
Your flesh is cold resistant. (rC+)
You are immune to negative energy. (rN+++)
You are immune to unholy pain and torment.
You are vulnerable to heat. (rF-)
You do not drink.


Message History

The iguana is severely wounded.
The iguana barely misses you.
You barely miss the iguana.
The iguana is severely wounded.
The iguana bites you. The iguana bites you!
You sock the iguana! You burn the iguana.
You kill the iguana!
There is an open door, spattered with blood here.
You see here an iguana corpse.
You start resting.
Magic restored.
Found a smoky black potion.
Found a stone staircase leading down.
An orc comes into view.
It is wielding a +0 flail and carrying a wand of paralysis (10).
Casting: Scorch (safe; 5% risk of failure)
Press: ? - help, Q - select action, (/) - cycle Dir - look around, f - activate Nothing appears to happen.
Unknown command.
Found 15 gold pieces.
An orc and an orc priest come into view.
The orc shouts! x2; The orc priest shouts!
You hear a bark!
You hear a shout!
The orc zaps a wand.
You suddenly lose the ability to move!
The orc zaps a wand.
You shrug off the repeated paralysis!
The orc priest invokes the aid of Beogh against you.
Beogh smites you!
You hear an angry hiss.
You hear a shout!
You can move again.
Unknown command.
Unknown command.
Unknown command.
Unknown command.
The orc priest barely misses you.
An adder comes into view.
The orc priest calls down the wrath of Beogh upon you.
Beogh smites you!
* * * LOW HITPOINT WARNING * * *
There is a stone staircase leading down here.
The orc priest mumbles some strange prayers to Beogh against you.
Beogh smites you!
You die...

#.### #.# #...##
#.# ##### #....#
#.# #....
#....#####.###..!.
#............'....
#....#####.###....
#....#####.###....
#@................
#.#..#####.###....
#oo........# #####
#S#..#######
#.#.......#
..............#
.....##.......#
..... #......$#
..... #.......#


You could see an orc priest, an adder and an orc.

Vanquished Creatures
  Jessica (D:2)
  An iguana (D:4)
  Robin (D:2)
  2 adders
  A worm (D:2)
  2 dart slugs (D:2)
  An orc (D:4)
  2 ball pythons
  A bat (D:2)
  3 endoplasms
  3 giant cockroaches
  10 goblins
  7 hobgoblins
  2 jackals (D:2)
  2 kobolds
  A quokka (D:2)
  A rat (D:2)
41 creatures vanquished.

Notes
Turn   | Place    | Note
-------+----------+-------------------------------------------
     0 | D:1      | SnakkuSnakku7 the Mummy Cinder Acolyte began the quest for
                  | the Orb.
     0 | D:1      | Reached XP level 1. HP: 18/18 MP: 2/2
   922 | D:2      | Reached XP level 2. HP: 20/24 MP: 4/4
   937 | D:2      | Reached skill level 3 in Fire Magic
   976 | D:2      | Learned a level 2 spell: Scorch
  1184 | D:2      | Noticed Jessica
  1186 | D:2      | Killed Jessica
  1187 | D:2      | Reached XP level 3. HP: 28/29 MP: 0/5
  1333 | D:2      | Reached skill level 4 in Fire Magic
  1557 | D:2      | Noticed Robin
  1840 | D:1      | Reached XP level 4. HP: 17/35 MP: 6/6
  2353 | D:2      | Killed Robin
  2403 | D:2      | You fall into a shaft and drop 2 floors!
  2617 | D:4      | Paralysed by an orc for 2 turns
  2624 | D:4      | Killed from afar by an orc priest

Illustrated notes

Levels and vault maps discovered:
D:1:      scummos_arrival_simple_fountains, layout_loops_ring, serial_forest,
          infiniplex_forest_straight_3, infiniplex_forest_straight_5,
          infiniplex_forest_corner_1, infiniplex_forest_lined_4_way,
          infiniplex_forest_clump_small, infiniplex_forest_zigzag_2,
          infiniplex_forest_zigzag_1, infiniplex_forest_lined_1
D:2:      layout_basic, lemuel_old_faithful, uniq_jessica, uniq_robin
D:4:      layout_basic, minmay_misc_feat_room, uniq_sigmund

Skill      XL: |  1  2  3 |
---------------+----------+-----
Fire Magic     | 3 4 |  4.7
Fighting       | |  3.0
Maces & Flails | |  2.4
Spellcasting   | |  1.3

Action                   |  1- 3 |  4- 6 || total
-------------------------+-------+-------++-------
Melee: Mace              |    89 |    50 ||   139
       Punch             |     4 |       ||     4
 Cast: Scorch            |     9 |    12 ||    21
Armor: Robe              |    21 |    18 ||    39
Dodge: Dodged            |    75 |    38 ||   113
